 Dungeon Crawl Stone Soup version 0.17-a0-1037-gbf358b4 (webtiles) character file.

40 imraulkays the Skirmisher (level 3, -1/23 HPs)
             Began as a Gargoyle Berserker on May 14, 2015.
             Was a Believer of Trog.
             Slain by Crazy Yiuf
             ... wielding a +2 quarterstaff of chaos
              (4 damage)
             ... while paralysed by Crazy Yiuf
             ... on level 2 of the Dungeon.
             The game lasted 00:04:19 (1395 turns).

imraulkays the Skirmisher (Gargoyle Berserker)      Turns: 1395, Time: 00:04:19

Health: -1/23      AC:  5    Str: 20    XL:     3   Next: 50%
Magic:  3/3        EV:  2    Int:  7    God:    Trog [**....]
Gold:   82         SH:  0    Dex: 10    Spells: 0 memorised, 2 levels left

rFire  . . .     SeeInvis .     a - +0 mace
rCold  . . .     Clarity  .     b - +0 animal skin
rNeg   + . .     SustAb   .     (no shield)
rPois  ∞         Gourm    .     (no helmet)
rElec  +         Spirit   .     (no cloak)
rCorr  .         Warding  .     (no gloves)
rMut   .         Stasis   .     (no boots)
MR     .....                    (no amulet)
Stlth  +.........               (no ring)
                                (no ring)

@: paralysed, not resistant to hostile enchantments, very unstealthy
A: negative energy resistance 1, electricity resistance, unbreathing,
petrification resistance, rot immunity, AC +3
a: Burn Spellbooks, Berserk, Trog's Hand, Renounce Religion


You were on level 2 of the Dungeon.
You worshipped Trog.
Trog was pleased with you.
You were not hungry.

You visited 1 branch of the dungeon, and saw 2 of its levels.

You collected 82 gold pieces.

Inventory:

Hand weapons
 a - a +0 mace (weapon)
Armour
 b - a +0 animal skin (worn)
Scrolls
 e - 2 scrolls of remove curse {unknown}
 f - a scroll of enchant armour {unknown}
 g - 2 scrolls of identify {unknown}
 h - a scroll of fear {unknown}
 k - a scroll of enchant weapon {unknown}
Potions
 d - a potion of resistance {unknown}
 j - 2 potions of haste {unknown}
 l - a potion of brilliance {unknown}
Comestibles
 c - a bread ration
 i - a meat ration


   Skills:
 + Level 3.6 Fighting
 + Level 3.2 Maces & Flails
 + Level 2.6 Armour
 + Level 2.3 Dodging


You had 2 spell levels left.
You didn't know any spells.

Dungeon Overview and Level Annotations

Branches:
Dungeon (2/15)

Altars:
Makhleb

Annotations:
D:2 Crazy Yiuf


Innate Abilities, Weirdness & Mutations

You are resistant to torment.
Your stone body is resilient (AC +3).
You are immune to poison.
You resist negative energy.
You are resistant to electric shocks.
You can survive without breathing.
You are immune to petrification.
You are immune to rotting.


Message History

You sock the fungus!
You destroy the fungus!
Found a hammer.
Crazy Yiuf the Enlightened comes into view.
He is wielding a quarterstaff of chaos.
Crazy Yiuf shouts!
You hit Crazy Yiuf.
Crazy Yiuf is moderately wounded.
Crazy Yiuf barely misses you.
You hit Crazy Yiuf but do no damage.
Crazy Yiuf is moderately wounded.
Crazy Yiuf hits you with a quarterstaff of chaos.
You suddenly lose the ability to move!
Crazy Yiuf hits you but does no damage.
Crazy Yiuf hits you with a quarterstaff of chaos!
Ouch! That really hurt!
Crazy Yiuf burns you.
* * * LOW HITPOINT WARNING * * *
Crazy Yiuf hits you but does no damage.
Crazy Yiuf hits you with a quarterstaff of chaos.
You die...

##..#####...........
#....# #......#....
♣.PPP♣ ########...)
♣...♣♣ .........##
♣♣.♣♣ ########.#
♣.♣♣ #......## ♣♣.♣
#.####... ♣.♣♣ #.##
♣♣@♣ #.# #g# #.##
... #... #...# ###.
#..)# ## ##### #
####### ### ###
.......
#..##.#####......


You could see Crazy Yiuf.

Vanquished Creatures
  An adder (D:2)
  A giant gecko (D:1)
  2 giant cockroaches (D:1)
  5 goblins
  5 hobgoblins
  A ball python (D:1)
  3 bats (D:1)
  2 giant newts (D:1)
  7 kobolds
  A quokka (D:2)
  5 rats (D:1)
  A fungus (D:2)
34 creatures vanquished.

Notes
Turn   | Place    | Note
--------------------------------------------------------------
     0 | D:1      | imraulkays the Gargoyle Berserker began the quest for the Orb.
     0 | D:1      | Reached XP level 1. HP: 14/14 MP: 1/1
   279 | D:1      | Reached XP level 2. HP: 16/19 MP: 2/2
   620 | D:1      | Acquired Trog's second power
   681 | D:1      | Reached XP level 3. HP: 23/23 MP: 3/3
  1246 | D:2      | Found a burning altar of Makhleb.
  1387 | D:2      | Noticed Crazy Yiuf
  1391 | D:2      | Paralysed by Crazy Yiuf for 5 turns
  1395 | D:2      | Slain by Crazy Yiuf

Vault maps used:
D:1:      dpeg_arrival_rooms_c, minmay_misc_feat_cross, moated_statue,
          minmay_misc_feat_tiny, kennysheep_crisscross, minmay_crystal_room,
          serial_park_tiny_1, minivault_23
D:2:      lemuel_doored_altar, uniq_crazy_yiuf_cottage, uniq_iyjb

Action                   || total
-------------------------++-------
Melee: Mace              ||   128
  Eat: Chunk             ||     2
